 Dungeon Crawl Stone Soup version 0.22-a0-423-g4197694 (webtiles) character file.

40 Jynxie the Poker (level 3, 0/31 HPs)
             Began as a Hill Orc Skald on May 23, 2018.
             Slain by a sky beast (6 damage)
             ... on level 2 of the Dungeon.
             The game lasted 00:05:34 (1249 turns).

Jynxie the Poker (Hill Orc Skald)                   Turns: 1249, Time: 00:05:34

Health: 0/31       AC:  4    Str: 19    XL:     3   Next: 50%
Magic:  5/5        EV: 11    Int: 13    God:
Gold:   96         SH:  0    Dex: 10    Spells: 4/5 levels left

rFire    . . .     SeeInvis .   a - +0 spear
rCold    . . .     Gourm    .   (no shield)
rNeg     . . .     Faith    .   b - +0 leather armour
rPois    .         Spirit   .   (no helmet)
rElec    .         Reflect  .   (no cloak)
rCorr    .         Harm     .   j - +0 pair of gloves
MR       .....                  (no boots)
Stlth    +.........             g - amulet of magic regeneration {!d}
HPRegen  0.10/turn              (no ring)
MPRegen  0.34/turn              (no ring)

@: mighty
A: no striking features
a: no special abilities


You were on level 2 of the Dungeon.
You were very hungry.

You visited 1 branch of the dungeon, and saw 2 of its levels.

You collected 96 gold pieces.

Inventory:

Hand Weapons
 a - a +0 spear (weapon)
Armour
 b - a +0 leather armour (worn)
 j - a +0 pair of gloves (worn)
   (You found it on level 1 of the Dungeon)
Jewellery
 g - an amulet of magic regeneration (around neck) {!d}
   (You found it on level 1 of the Dungeon)
Scrolls
 d - a scroll of remove curse {@r2}
Potions
 f - a potion of invisibility {unknown}
 m - a potion of lignification {unknown}
Comestibles
 e - a ration {!d}


   Skills:
 + Level 3.2 Fighting
 * Level 3.6 Polearms
 - Level 1.1 Armour
 - Level 1.5 Dodging
 - Level 1.5 Spellcasting
 - Level 2.6 Charms


You had 4 spell levels left.
You knew the following spells:

 Your Spells              Type           Power        Failure   Level  Hunger
a - Infusion              Chrm           #...         11%         1    ##.....

Your spell library contained the following spells:

 Spells                   Type           Power        Failure   Level  Hunger
 Regeneration             Chrm/Necr      #.........   50%         3    ####...
 Shroud of Golubria       Chrm/Tloc      #.........   28%         2    ###....
 Song of Slaying          Chrm           #.......     16%         2    ###....
 Spectral Weapon          Hex/Chrm       #.......     50%         3    ####...


Dungeon Overview and Level Annotations

Branches:
Dungeon (2/15)

Altars:


Message History

The bat closely misses you. The bat hits you but does no damage.
The bat hits you but does no damage.
The sky beast flickers out of sight!
Deactivating autopickup; reactivate with Ctrl-A.
A kobold comes into view. It is wielding a whip.
The kobold shouts!
The kobold throws a stone.
The stone completely misses you. The bat barely misses you.
You see here a stone.
The bat hits you but does no damage. The bat hits you but does no damage.
A sky beast appears from thin air!
Reactivating autopickup.
The sky beast flickers out of sight!
Deactivating autopickup; reactivate with Ctrl-A.
The bat hits you but does no damage.
You barely miss the bat. The bat closely misses you.
The bat hits you but does no damage.
You hit the bat. The bat closely misses you.
You feel very mighty all of a sudden. The bat hits you but does no damage.
You closely miss the bat. The bat hits you but does no damage.
The bat hits you.
* * * LOW HITPOINT WARNING * * *
You closely miss the kobold. The bat hits you but does no damage.
The kobold hits you with a whip.
* * * LOW HITPOINT WARNING * * *
You closely miss the bat. The bat completely misses you.
The bat hits you but does no damage. The kobold misses you.
You barely miss the bat. The bat barely misses you.
The kobold closely misses you.
You puncture the bat!
You kill the bat!
The kobold closely misses you.
Unknown command.
You closely miss the kobold. The kobold hits you with a whip.
* * * LOW HITPOINT WARNING * * *
You miss the kobold. The kobold hits you but does no damage.
You hit the kobold.
You kill the kobold!
A sky beast appears from thin air!
Reactivating autopickup.
The sky beast hits you.
* * * LOW HITPOINT WARNING * * *
The sky beast shocks you.
* * * LOW HITPOINT WARNING * * *
You feel better. The sky beast barely misses you.
You closely miss the sky beast. The sky beast hits you.
* * * LOW HITPOINT WARNING * * *
The sky beast shocks you.
You die...

# #.# #. #.# #
#.###.# .#.#.....#
....$....######.#
.....≈...§.(....#
#.##..≈≈.##.##.....
##.#.##÷#)## ..K
..###...#@.# . #.##
#.##.#Y## #. ..
##.## . ... ... #.
#...## . #..# #.#
#. #


You could see a sky beast.

Vanquished Creatures
  An adder (D:2)
  An adder skeleton (D:2)
  2 dart slugs (D:1)
  2 giant cockroaches (D:1)
  4 goblins (D:1)
  3 jackals (D:1)
  4 kobolds
  3 bats
  4 rats (D:1)
24 creatures vanquished.

Notes
Turn   | Place    | Note
-------+----------+-------------------------------------------
     0 | D:1      | Jynxie the Hill Orc Skald began the quest for the Orb.
     0 | D:1      | Reached XP level 1. HP: 18/18 MP: 3/3
   196 | D:1      | Reached XP level 2. HP: 25/25 MP: 4/4
   764 | D:1      | Reached XP level 3. HP: 31/31 MP: 5/5
  1220 | D:2      | Noticed a sky beast
  1249 | D:2      | Slain by a sky beast

Vault maps used:
D:1:      dpeg_arrival_pits
D:2:      minmay_ruptured, uniq_sigmund, uniq_natasha

Skill      XL: |  1  2 |
---------------+-------+-----
Polearms       | 3 |  3.6
Fighting       | 3 |  3.2
Armour         | |  1.1
Dodging        | |  1.5
Spellcasting   | |  1.5
Charms         | |  2.6

Action                   || total
-------------------------++-------
Melee: Spear             ||   106
  Use: Potion            ||     4
       Scroll            ||     3
Armor: Leather armour    ||    28
Dodge: Dodged            ||    63

Table legend:
 A = Spawn XP
 B = Non-spawn XP
 C = Spawn XP percentage of total XP
 D = Spawn monster count
 E = Non-spawn monster count
 F = Spawn count percentage of total count
 G = Total turns spent on level
                    A         B        C        D         E        F      G
               +---------+---------+-------+---------+---------+-------+---------
         Total |       0 |      58 |   0.0 |       0 |      24 |   0.0 |  1249
               +---------+---------+-------+---------+---------+-------+---------
           D:1 |       0 |      36 |   0.0 |       0 |      20 |   0.0 |   962
           D:2 |       0 |      22 |   0.0 |       0 |       4 |   0.0 |   287
               +---------+---------+-------+---------+---------+-------+---------
